AoeStats
← Lokman.Y

Arena

511398964Analyzed
3v3 RM · 14d ago on Oct 4, 2026· 55m 14s· 6 players
Game mode
Random Map
Map size
Normal (6 player)
Population
200
Speed
Normal
Resources
Standard
Victory
Conquest
Starting age
Dark Age
Ending age
Imperial Age
RankedLock teamsTeams togetherTeam positionsShared explorationLock speedFull tech treeHidden civsTurbo modeCheats
Victory
Defeat
🇹🇷 Teutons · Türkiye
951
+17
🇹🇷 Italians · Türkiye
938
+17
🇹🇷 Byzantines · Türkiye
895
+19
vs
🇲🇽 Danes · Mexico
988
-19
🇹🇷 Mongols · Türkiye
984
-18
MY
5:05 Loom
12:19 Feudal Age
17:07 Castle Age
17:02 Wheelbarrow
16:19 Gold Mining
16:20 Stone Mining
16:12 Horse Collar
16:24 Double-Bit Axe
17:31 Wheelbarrow
22:47 Heavy Plow
23:04 Bow Saw
25:04 Hand Cart
24:51 Elite Skirmisher
27:20 Padded Archer Armor
27:10 Fletching
37:57 Imperial Age
36:37 Bloodlines
37:00 Forging
36:55 Scale Barding Armor
37:37 Leather Archer Armor
39:18 Ballistics
39:59 Chemistry
38:48 Heavy Mounted Crossbowman
39:53 Bodkin Arrow
39:59 Scale Mail Armor
44:41 Iron Casting
44:27 Chain Barding Armor
TlHsn <3
9:39 Feudal Age
9:27 Loom
10:05 Horse Collar
10:17 Double-Bit Axe
12:45 Wheelbarrow
17:03 Castle Age
15:40 Padded Archer Armor
15:30 Fletching
16:03 Gold Mining
17:15 Elite Skirmisher
18:57 Bow Saw
20:50 Heavy Plow
22:41 Hand Cart
25:34 Elite Skirmisher
26:59 Ballistics
30:18 Imperial Age
29:32 Leather Archer Armor
29:13 Bodkin Arrow
30:00 Scale Barding Armor
30:06 Forging
30:38 Forging
30:36 Scale Barding Armor
30:19 Pikeman
31:00 Squires
30:45 Arson
32:30 Ring Archer Armor
32:00 Bracer
34:18 Chemistry
37:27 Chain Barding Armor
37:42 Iron Casting
39:03 Scale Mail Armor
40:03 Blast Furnace
39:38 Plate Barding Armor
45:57 Light Cavalry
46:47 Bloodlines
Lokman.Y
6:30 Loom
14:06 Feudal Age
17:01 Wheelbarrow
20:15 Castle Age
20:24 Elite Skirmisher
23:05 Horse Collar
36:37 Fletching
37:30 Stone Mining
37:33 Gold Mining
39:24 Heavy Plow
42:58 Imperial Age
41:30 Light Cavalry
42:34 Double-Bit Axe
49:13 Crop Rotation
50:49 Hussar
53:51 Bow Saw
54:00 Hand Cart
53:51 Bodkin Arrow
53:57 Padded Archer Armor
54:09 Forging
54:00 Scale Mail Armor
panadero democratico
0:51 Loom
11:35 Feudal Age
16:10 Castle Age
15:14 Forging
16:11 Wheelbarrow
15:23 Double-Bit Axe
15:19 Horse Collar
19:23 Heavy Plow
29:45 Stone Mining
29:45 Gold Mining
33:39 Imperial Age
32:06 Ballistics
32:35 Hand Cart
32:05 Town Watch
32:59 Gold Shaft Mining
33:07 Murder Holes
33:35 Scale Mail Armor
34:04 Bow Saw
35:50 Conscription
37:00 Chain Mail Armor
36:18 Elite Jomsviking
36:59 Hamask
39:57 Iron Casting
40:14 Northmen's Fury
41:02 Siege Engineers
41:58 Chemistry
41:29 Onager
41:38 Pikeman
42:30 Squires
50:44 Plate Mail Armor
51:14 Blast Furnace
53:35 Scale Barding Armor
53:21 Man-at-Arms
53:47 Gambesons
53:48 Arson
53:25 Elite Varangian Guard
54:09 Long Swordsman
AmadeuS
11:43 Feudal Age
12:29 Loom
13:43 Double-Bit Axe
16:09 Castle Age
16:24 Wheelbarrow
15:54 Stone Mining
15:55 Gold Mining
15:50 Horse Collar
17:06 Bow Saw
30:29 Imperial Age
28:00 Fletching
28:27 Padded Archer Armor
29:16 Gold Shaft Mining
29:33 Bodkin Arrow
29:53 Leather Archer Armor
30:08 Hand Cart
29:42 Town Watch
30:30 Thumb Ring
30:38 Bloodlines
30:28 Husbandry
31:44 Ballistics
32:27 Chemistry
31:29 Bracer
31:55 Conscription
32:01 Husbandry
32:56 Parthian Tactics
34:21 Hoardings
33:17 Light Cavalry
34:04 Scale Barding Armor
34:09 Forging
34:28 Hussar
37:17 Iron Casting
37:04 Chain Barding Armor
39:36 Cavalier
40:52 Iron Casting
47:44 Blast Furnace
46:52 Man-at-Arms
47:33 Squires
47:35 Scale Mail Armor
47:45 Long Swordsman
𝘊𝘺𝘳𝘰𝘹 𝘐'𝘮.𝘉𝘳𝘰𝘬𝘦𝘯
11:21 Feudal Age
9:36 Loom
15:07 Castle Age
16:08 Fletching
21:01 Double-Bit Axe
21:38 Bodkin Arrow
35:46 Imperial Age
37:02 Bracer
45:04 Chemistry
44:25 Ballistics
46:56 Ballistics
Connection lost

Rejoining the realm…

Still unreachable

The connection could not be restored.

Session expired

The server has moved on; the page needs a fresh start.